PCL
TEXARKANA BEARS @ GRESHAM GOLD SOULS
06/28/2028
 
TOP OF THE 1ST
Texarkana Bears batting - Pitching for Gresham Gold Souls : RHP Arturo Martínez
Pitching: RHP Arturo Martínez
Batting: LHB Guy Moss 0-0: Foul Ball, location: 2F
0-1: Foul Ball, location: 2F
0-2: Foul Ball, location: 2F
0-2: Ball
1-2: Strikes out swinging
Batting: RHB Tony Reyes 0-0: Called Strike
0-1: Ball
1-1: SINGLE (Groundball, 56S) (infield hit)
Batting: RHB Lu-fang Huie 0-0: Called Strike
0-1: Foul Ball, location: 2F
0-2: Ball
1-2: Ball
2-2: Fly out, F9 (Flyball, 89D)
Batting: RHB Michael Barraclough 0-0: Ball
1-0: Ball
2-0: Called Strike
2-1: Ball
3-1: Base on Balls
Tony Reyes to second
Batting: RHB Billy Campbell 0-0: Ball
1-0: Called Strike
1-1: Fly out, F9 (Flyball, 9LM)
Top of the 1st over - 0 run(s), 1 hit(s), 0 error(s), 2 left on base; Texarkana 0 - Gresham 0
BOTTOM OF THE 1ST
Gresham Gold Souls batting - Pitching for Texarkana Bears : RHP Jim Durham
Pitching: RHP Jim Durham
Batting: LHB Bill Smith 0-0: Ball
1-0: Ball
2-0: Called Strike
2-1: Ball
3-1: Ground out 6-3 (Groundball, 56D)
Batting: RHB Pablo Castillo 0-0: Ball
1-0: Called Strike
1-1: Called Strike
1-2: Ground out 6-3 (Groundball, 6)
Batting: SHB Todd Smith 0-0: Ball
1-0: Ball
2-0: Ball
3-0: Called Strike
3-1: Base on Balls
Batting: LHB Nick Scott 0-0: Swinging Strike
0-1: Called Strike
0-2: Foul Ball, location: 2F
0-2: TRIPLE (Flyball, 8LXD)
Todd Smith scores
Batting: RHB Mario Méndez 0-0: Ball
1-0: Called Strike
1-1: Ball
2-1: Called Strike
2-2: Ground out 6-3 (Groundball, 56D)
Bottom of the 1st over - 1 run(s), 1 hit(s), 0 error(s), 1 left on base; Texarkana 0 - Gresham 1
TOP OF THE 2ND
Texarkana Bears batting - Pitching for Gresham Gold Souls : RHP Arturo Martínez
Batting: LHB Sam Barnes 0-0: Ball
1-0: Foul Ball, location: 2F
1-1: Foul Ball, location: 2F
1-2: Ball
2-2: SINGLE (Line Drive, 4M)
Batting: RHB Juan Rico 0-0: Called Strike
0-1: Ball
1-1: Ball
Passed Ball!
Sam Barnes to second
2-1: Ball
3-1: SINGLE (Line Drive, 8RM)
Sam Barnes to third
Runner from 3rd tries for Home, SAFE, throw made home
Juan Rico to second
Batting: LHB Tom Mullins 0-0: Foul Ball, location: 2F
0-1: Foul Ball, location: 2F
0-2: Fly out, F8 (Flyball, 8RS)
Batting: RHB Steve Garneys 0-0: Called Strike
0-1: Ball
1-1: Ball
2-1: Ball
3-1: Called Strike
3-2: Ground out 5-3 (Groundball, 56)
Batting: LHB Guy Moss 0-0: Foul Ball, location: 2F
0-1: Ball
1-1: TRIPLE (Flyball, 8LS)
Juan Rico scores
Batting: RHB Tony Reyes 0-0: Called Strike
0-1: Called Strike
0-2: Ground out 5-3 (Groundball, 5L)
Top of the 2nd over - 2 run(s), 3 hit(s), 0 error(s), 1 left on base; Texarkana 2 - Gresham 1
BOTTOM OF THE 2ND
Gresham Gold Souls batting - Pitching for Texarkana Bears : RHP Jim Durham
Batting: RHB Gabriel Miranda 0-0: Ball
1-0: Ball
2-0: Called Strike
2-1: Swinging Strike
2-2: Ground out 3-1 (Groundball, 34)
Batting: RHB Matt Davidson 0-0: Ground out 5-3 (Groundball, 56S)
Batting: RHB Willie Houk 0-0: Called Strike
0-1: Ball
1-1: Called Strike
1-2: Ball
2-2: Fly out, F4 (Line Drive, 4M)
Bottom of the 2nd over - 0 run(s), 0 hit(s), 0 error(s), 0 left on base; Texarkana 2 - Gresham 1
TOP OF THE 3RD
Texarkana Bears batting - Pitching for Gresham Gold Souls : RHP Arturo Martínez
Batting: RHB Lu-fang Huie 0-0: Swinging Strike
0-1: Ball
1-1: Ball
2-1: Called Strike
2-2: Strikes out looking
Batting: RHB Michael Barraclough 0-0: Ball
1-0: Swinging Strike
1-1: Called Strike
1-2: Foul Ball, location: 2F
1-2: Strikes out looking
Batting: RHB Billy Campbell 0-0: Foul Ball, location: 2F
0-1: Foul Ball, location: 2F
0-2: Ball
1-2: Strikes out swinging
Top of the 3rd over - 0 run(s), 0 hit(s), 0 error(s), 0 left on base; Texarkana 2 - Gresham 1
BOTTOM OF THE 3RD
Gresham Gold Souls batting - Pitching for Texarkana Bears : RHP Jim Durham
Batting: SHB Sean Carr 0-0: Ball
1-0: Foul Ball, location: 2F
1-1: Foul Ball, location: 2F
1-2: Ball
2-2: Foul Ball, location: 2F
2-2: Ground out 1-3 (Groundball, 13)
Batting: LHB Bill Smith 0-0: Ball
1-0: Called Strike
1-1: Foul Ball, location: 2F
1-2: Fly out, F8 (Line Drive, 8RD)
Batting: RHB Pablo Castillo 0-0: Ball
1-0: Foul Ball, location: 2F
1-1: Called Strike
1-2: Ground out 6-3 (Groundball, 6D)
Bottom of the 3rd over - 0 run(s), 0 hit(s), 0 error(s), 0 left on base; Texarkana 2 - Gresham 1
TOP OF THE 4TH
Texarkana Bears batting - Pitching for Gresham Gold Souls : RHP Arturo Martínez
Batting: LHB Sam Barnes 0-0: Called Strike
0-1: Foul Ball, location: 2F
0-2: Strikes out looking
Batting: RHB Juan Rico 0-0: Ball
1-0: Ball
2-0: Foul Ball, location: 2F
2-1: SINGLE (Groundball, 4MD)
Batting: LHB Tom Mullins 0-0: Swinging Strike
0-1: Ball
1-1: SINGLE (Groundball, 25) (infield hit)
Juan Rico to second
Batting: RHB Steve Garneys 0-0: Ball
1-0: Called Strike
1-1: Grounds into double play, 4-6-3 (Groundball, 4)
Top of the 4th over - 0 run(s), 2 hit(s), 0 error(s), 1 left on base; Texarkana 2 - Gresham 1
BOTTOM OF THE 4TH
Gresham Gold Souls batting - Pitching for Texarkana Bears : RHP Jim Durham
Batting: SHB Todd Smith 0-0: Ball
1-0: Called Strike
1-1: Ball
2-1: Swinging Strike
2-2: SINGLE (Groundball, 34S) (infield hit)
Batting: LHB Nick Scott 0-0: Fly out, F2 (Popup, 15)
Batting: RHB Mario Méndez 0-0: Swinging Strike
0-1: Reached on error, E1 (Groundball, P)
Todd Smith to second
Batting: RHB Gabriel Miranda 0-0: Called Strike
0-1: Ball
1-1: Ball
2-1: Foul Ball, location: 2F
2-2: Foul Ball, location: 2F
2-2: Strikes out looking
Batting: RHB Matt Davidson 0-0: Called Strike
0-1: Ball
1-1: Called Strike
1-2: Ball
2-2: Ball
3-2: Strikes out looking
Bottom of the 4th over - 0 run(s), 1 hit(s), 1 error(s), 2 left on base; Texarkana 2 - Gresham 1
TOP OF THE 5TH
Texarkana Bears batting - Pitching for Gresham Gold Souls : RHP Arturo Martínez
Batting: LHB Guy Moss 0-0: Ball
1-0: Ball
2-0: Ball
3-0: Called Strike
3-1: Foul Ball, location: 2F
3-2: Fly out, F8 (Flyball, 8LD)
Batting: RHB Tony Reyes 0-0: Ball
1-0: Ground out 6-3 (Groundball, 6)
Batting: RHB Lu-fang Huie 0-0: Swinging Strike
0-1: Ball
1-1: Fly out, F9 (Flyball, 9S)
Top of the 5th over - 0 run(s), 0 hit(s), 0 error(s), 0 left on base; Texarkana 2 - Gresham 1
BOTTOM OF THE 5TH
Gresham Gold Souls batting - Pitching for Texarkana Bears : RHP Jim Durham
Batting: RHB Willie Houk 0-0: Ball
1-0: Foul Ball, location: 2F
1-1: Ground out 6-3 (Groundball, 6D)
Batting: SHB Sean Carr 0-0: Ground out U3 (Groundball, 34)
Batting: LHB Bill Smith 0-0: Ball
1-0: Ground out 4-3 (Groundball, 4)
Bottom of the 5th over - 0 run(s), 0 hit(s), 0 error(s), 0 left on base; Texarkana 2 - Gresham 1
TOP OF THE 6TH
Texarkana Bears batting - Pitching for Gresham Gold Souls : RHP Arturo Martínez
Pitching: RHP José González
Batting: RHB Michael Barraclough 0-0: Called Strike
0-1: Foul Ball, location: 2F
0-2: Ball
1-2: Ball
2-2: Strikes out swinging
Batting: RHB Billy Campbell 0-0: Ball
1-0: Called Strike
1-1: Swinging Strike
1-2: Ball
2-2: Ground out 5-3 (Groundball, 56)
Batting: LHB Sam Barnes 0-0: Ground out 4-3 (Groundball, 34)
Top of the 6th over - 0 run(s), 0 hit(s), 0 error(s), 0 left on base; Texarkana 2 - Gresham 1
BOTTOM OF THE 6TH
Gresham Gold Souls batting - Pitching for Texarkana Bears : RHP Jim Durham
Batting: RHB Pablo Castillo 0-0: Called Strike
0-1: Ball
1-1: Swinging Strike
1-2: Fly out, F8 (Flyball, 89M)
Batting: SHB Todd Smith 0-0: Fly out, F7 (Flyball, 78S)
Batting: LHB Nick Scott 0-0: SINGLE (Flyball, 8RS)
Batting: RHB Mario Méndez 0-0: Called Strike
0-1: Ball
1-1: Fly out, F7 (Flyball, 78M)
Bottom of the 6th over - 0 run(s), 1 hit(s), 0 error(s), 1 left on base; Texarkana 2 - Gresham 1
TOP OF THE 7TH
Texarkana Bears batting - Pitching for Gresham Gold Souls : RHP José González
Batting: RHB Juan Rico 0-0: Foul Ball, location: 2F
0-1: Ball
1-1: Foul Ball, location: 2F
1-2: Strikes out swinging
Batting: LHB Tom Mullins 0-0: Swinging Strike
0-1: SOLO HOME RUN (Flyball, 9D), Distance : 385 ft
Batting: RHB Steve Garneys 0-0: Called Strike
0-1: Foul Ball, location: 2F
0-2: Ball
1-2: Fly out, F6 (Line Drive, 4M)
Batting: LHB Guy Moss 0-0: Foul Ball, location: 2F
0-1: Ball
1-1: Ball
2-1: Ball
3-1: Foul Ball, location: 2F
3-2: Strikes out looking
Top of the 7th over - 1 run(s), 1 hit(s), 0 error(s), 0 left on base; Texarkana 3 - Gresham 1
BOTTOM OF THE 7TH
Gresham Gold Souls batting - Pitching for Texarkana Bears : RHP Jim Durham
Pitching: RHP Ralph Willaims
Batting: RHB Gabriel Miranda 0-0: Ball
1-0: Swinging Strike
1-1: Ball
2-1: Swinging Strike
2-2: Ball
3-2: Strikes out swinging
Batting: RHB Matt Davidson 0-0: Called Strike
0-1: Swinging Strike
0-2: Ball
1-2: Strikes out swinging
Batting: RHB Willie Houk 0-0: Ball
1-0: Called Strike
1-1: Swinging Strike
1-2: Ball
2-2: Ball
3-2: Strikes out looking
Bottom of the 7th over - 0 run(s), 0 hit(s), 0 error(s), 0 left on base; Texarkana 3 - Gresham 1
TOP OF THE 8TH
Texarkana Bears batting - Pitching for Gresham Gold Souls : RHP José González
Batting: RHB Tony Reyes 0-0: Ball
1-0: Fly out, F6 (Line Drive, 6M)
Batting: RHB Lu-fang Huie 0-0: Foul Ball, location: 2F
0-1: Ball
1-1: Foul Ball, location: 2F
1-2: Strikes out swinging
Batting: RHB Michael Barraclough 0-0: Ball
1-0: Ball
2-0: Ball
3-0: Called Strike
3-1: Swinging Strike
3-2: Foul Ball, location: 2F
3-2: Base on Balls
Batting: RHB Billy Campbell 0-0: Swinging Strike
0-1: Ball
1-1: Fly out, F8 (Line Drive, 78XD)
Top of the 8th over - 0 run(s), 0 hit(s), 0 error(s), 1 left on base; Texarkana 3 - Gresham 1
BOTTOM OF THE 8TH
Gresham Gold Souls batting - Pitching for Texarkana Bears : RHP Ralph Willaims
Batting: SHB Sean Carr 0-0: Called Strike
0-1: Called Strike
0-2: Ball
1-2: Ball
2-2: Foul Ball, location: 2F
2-2: Foul Ball, location: 2F
2-2: Ground out 3-1 (Groundball, 34S)
Batting: LHB Bill Smith 0-0: Ball
1-0: SINGLE (Groundball, P) (infield hit)
Pitching: LHP Braydon Schute
Batting: RHB Pablo Castillo 0-0: Ball
1-0: Ball
2-0: Called Strike
2-1: Foul Ball, location: 2F
2-2: Ball
3-2: Foul Ball, location: 2F
3-2: Base on Balls
Bill Smith to second
Batting: SHB Todd Smith 0-0: Ball
1-0: Foul Ball, location: 2F
1-1: Ball
2-1: Swinging Strike
2-2: Fly out, F3 (Popup, 3S)
Pinch Hitting: RHB Luke McIndoe 0-0: Called Strike
0-1: Ball
1-1: SINGLE (Line Drive, 9LS)
Bill Smith to third
Pablo Castillo to second
Batting: RHB Mario Méndez 0-0: GRAND SLAM HOME RUN (Flyball, 7D), Distance : 390 ft
Batting: RHB Gabriel Miranda 0-0: Ball
1-0: Called Strike
1-1: Called Strike
1-2: Foul Ball, location: 2F
1-2: DOUBLE (Flyball, 78D)
Pitching: RHP Kosami Tagawa
Batting: RHB Matt Davidson 0-0: Fly out, F9 (Flyball, 9LSF)
Bottom of the 8th over - 4 run(s), 4 hit(s), 0 error(s), 1 left on base; Texarkana 3 - Gresham 5
TOP OF THE 9TH
Texarkana Bears batting - Pitching for Gresham Gold Souls : RHP José González
Pitching: RHP Jamal Clayton
Now in RF: Ezechiele Bruno
Batting: LHB Sam Barnes 0-0: Ball
1-0: SOLO HOME RUN (Flyball, 9D), Distance : 396 ft
Batting: RHB Juan Rico 0-0: Foul Ball, location: 2F
0-1: Foul Ball, location: 2F
0-2: Ball
1-2: Ball
2-2: Ball
3-2: Ground out 4-3 (Groundball, 4M)
Batting: LHB Tom Mullins 0-0: Called Strike
0-1: Ball
1-1: Swinging Strike
1-2: Ball
2-2: SOLO HOME RUN (Line Drive, 9D), Distance : 395 ft
Pitching: RHP Jeff Hansen
Pinch Hitting: RHB Keith Ford 0-0: Called Strike
0-1: Ball
1-1: Foul Ball, location: 2F
1-2: Ball
2-2: Foul Ball, location: 2F
2-2: Ball
3-2: Base on Balls
Batting: LHB Guy Moss 0-0: Swinging Strike
0-1: Swinging Strike
0-2: Ball
1-2: Ground out 5-3 (Groundball, 56S)
Keith Ford to second
Pinch Hitting: LHB Mark Thomas 0-0: Ball
1-0: Ball
2-0: Called Strike
2-1: Foul Ball, location: 2F
2-2: Fly out, F3 (Popup, 34)
Top of the 9th over - 2 run(s), 2 hit(s), 0 error(s), 1 left on base; Texarkana 5 - Gresham 5
BOTTOM OF THE 9TH
Gresham Gold Souls batting - Pitching for Texarkana Bears : RHP Kosami Tagawa
Now at C: Alberto Medine
Now at SS: Kun Liu
Pinch Hitting: LHB Chance Santry 0-0: Ball
1-0: Called Strike
1-1: Foul Ball, location: 2F
1-2: Strikes out swinging
Batting: SHB Sean Carr 0-0: Ball
1-0: Called Strike
1-1: Ground out 1-3 (Groundball, 13)
Batting: LHB Bill Smith 0-0: Called Strike
0-1: Ball
1-1: Called Strike
1-2: Ball
2-2: Foul Ball, location: 2F
2-2: Foul Ball, location: 2F
2-2: Foul Ball, location: 2F
2-2: Ball
3-2: DOUBLE (Line Drive, 9LM)
Pinch Hitting: LHB Millard Dye 0-0: Ball
1-0: Ball
2-0: Foul Ball, location: 2F
2-1: Foul Ball, location: 2F
2-2: Fly out, F8 (Flyball, 89M)
Bottom of the 9th over - 0 run(s), 1 hit(s), 0 error(s), 1 left on base; Texarkana 5 - Gresham 5
TOP OF THE 10TH
Texarkana Bears batting - Pitching for Gresham Gold Souls : RHP Jeff Hansen
Now at 1B: Millard Dye
Now at 3B: Francis Shaffer
Batting: RHB Lu-fang Huie 0-0: Foul Ball, location: 2F
0-1: Ball
1-1: DOUBLE (Groundball, 5L)
Batting: RHB Michael Barraclough 0-0: Swinging Strike
0-1: Ball
1-1: Called Strike
1-2: Foul Ball, location: 2F
1-2: Strikes out swinging
Batting: RHB Billy Campbell 0-0: SINGLE (Line Drive, 6MD)
Lu-fang Huie to third
Batting: LHB Sam Barnes 0-0: Ball
1-0: Ball
2-0: Ball
3-0: Called Strike
3-1: Base on Balls
Billy Campbell to second
Batting: RHB Juan Rico 0-0: Called Strike
0-1: Ball
1-1: Swinging Strike
1-2: SINGLE (Line Drive, 8LS)
Lu-fang Huie scores
Billy Campbell to third
Sam Barnes to second
Batting: LHB Tom Mullins 0-0: Called Strike
0-1: Grounds into fielders choice 3-2 (Groundball, 34S)
Sam Barnes to third
Juan Rico to second
Batting: RHB Kun Liu 0-0: Called Strike
0-1: Swinging Strike
0-2: Strikes out swinging
Top of the 10th over - 1 run(s), 3 hit(s), 0 error(s), 3 left on base; Texarkana 6 - Gresham 5
BOTTOM OF THE 10TH
Gresham Gold Souls batting - Pitching for Texarkana Bears : RHP Kosami Tagawa
Pitching: RHP Asher Zasko
Batting: SHB Todd Smith 0-0: Ball
1-0: Called Strike
1-1: Swinging Strike
1-2: Foul Ball, location: 2F
1-2: Reached on error, E7 (Flyball, 7S)
Pinch Runner at 1st Jermaine Carter:
Batting: LHB Ezechiele Bruno 0-0: Fly out, F8 (Flyball, 8LM)
Batting: RHB Mario Méndez 0-0: Swinging Strike
0-1: Ball
1-1: Fly out, F7 (Flyball, 78D)
Batting: RHB Gabriel Miranda 0-0: Ball
1-0: Ball
2-0: Fly out, F8 (Flyball, 8LM)
Bottom of the 10th over - 0 run(s), 0 hit(s), 1 error(s), 1 left on base; Texarkana 6 - Gresham 5
Tuesday, August 8th, 2017 - OOTP Baseball 17.12 Build 75